 Dungeon Crawl Stone Soup version 0.30-a0-335-ge5acde7520 (webtiles) character file.

Game seed: 6614965284523850504

114099 gruber the Destroyer (level 16, -1/135 HPs)
             Began as a Grey Draconian Conjurer on Oct 30, 2022.
             Was a High Priest of Vehumet.
             Killed from afar by a shock serpent (3 damage)
             ... with an electric aura
             ... on level 2 of the Snake Pit.
             The game lasted 00:44:22 (26842 turns).

gruber the Destroyer (Grey Draconian Conjurer)     Turns: 26842, Time: 00:44:23

Health: -1/135     AC: 17    Str: 11    XL:     16   Next: 15%
Magic:  10/31      EV: 23    Int: 23    God:    Vehumet [*****.]
Gold:   1760       SH:  9    Dex: 10    Spells: 3/38 levels left

rFire   + . .      SeeInvis .    B - +6 long sword of the Silent Majority {vorpal, rPois rF+ Int-2}
rCold   . . .      Faith    .    J - +0 buckler
rNeg    . . .      Spirit   .    (body armour unavailable)
rPois   +          Reflect  +    (helmet restricted)
rElec   .          Harm     .    n - +0 cloak
rCorr   .          Rampage  .    z - +0 pair of gloves
Will    +....                    U - +0 pair of boots
Stlth   ++........               k - amulet of reflection
HPRegen 0.42/turn                u - +4 ring of evasion
MPRegen 0.22/turn                V - +4 ring of evasion

@: very slightly contaminated, studying Short Blades
A: AC +14, amphibious, unfitting armour, cold-blooded
a: Renounce Religion


You were on level 2 of the Snake Pit.
You worshipped Vehumet.
Vehumet was extremely pleased with you.
You visited 5 branches of the dungeon, and saw 23 of its levels.

You collected 2208 gold pieces.
You spent 448 gold pieces at shops.

Inventory:

Hand Weapons
 t - a +4 mace of holy wrath
 y - a +2 trident of freezing
 B - the +6 long sword of the Silent Majority (weapon) {vorpal, rPois rF+ Int-2}
   (You found it on level 5 of the Dungeon)

   It inflicts extra damage upon your enemies.
   Int:       It affects your intelligence (-2).
   rF:        It protects you from fire.
   rPois:     It protects you from poison.
Missiles
 O - 4 curare-tipped darts
 Z - 2 throwing nets
Armour
 n - a +0 cloak (worn)
 z - a +0 pair of gloves (worn)
 J - a +0 buckler (worn)
 U - a +0 pair of boots (worn)
Magical Staves
 S - a staff of earth
Jewellery
 f - a ring of positive energy
 j - a ring of poison resistance
 k - an amulet of reflection (around neck)
 u - a +4 ring of evasion (left hand)
 T - a ring of wizardry
 V - a +4 ring of evasion (right hand)
Wands
 v - a wand of polymorph (14)
 E - a wand of flame (54)
 G - a wand of paralysis (17)
 M - a wand of iceblast (18)
 P - a wand of acid (1)
 X - a wand of mindburst (8)
Scrolls
 c - 12 scrolls of teleportation
 d - 3 scrolls of enchant weapon {unknown}
 h - 4 scrolls of enchant armour {unknown}
 w - a scroll of fear {unknown}
 x - 9 scrolls of magic mapping {unknown}
 A - 3 scrolls of blinking {unknown}
 F - a scroll of torment {unknown}
 H - a scroll of vulnerability {unknown}
 I - a scroll of acquirement {unknown}
 K - a scroll of summoning {unknown}
 L - a scroll of immolation {unknown}
 Q - a scroll of silence
 R - a scroll of amnesia
 W - 3 scrolls of poison {unknown}
Potions
 a - a potion of magic
 b - 2 potions of cancellation
 e - 5 potions of attraction
 g - 3 potions of flight
 l - 2 potions of invisibility
 m - a potion of heal wounds
 o - 4 potions of lignification
 p - a potion of resistance
 r - 5 potions of curing
 s - 3 potions of might
 C - 6 potions of mutation
 D - 2 potions of brilliance
 N - 8 potions of haste


   Skills:
 - Level 10.3 Fighting
 - Level 12.4 Dodging
 - Level 1.7 Stealth
 - Level 4.1 Shields
 - Level 11.5 Spellcasting
 - Level 14.7 Conjurations
 * Level 6.1 Summonings
 - Level 6.4 Transmutations
 - Level 11.7 Earth Magic


You had 3 spell levels left.
You knew the following spells:

 Your Spells              Type           Power      Damage    Failure   Level
a - Magic Dart            Conj           100%       1d8       0%          1
b - Searing Ray           Conj           100%       2d8       0%          2
c - Iskenderun's Mystic   Conj/Tloc      47%        2d10      1%          4
d - Stone Arrow           Conj/Erth      100%       3d13      1%          3
e - Irradiate             Conj/Tmut      29%        3d21      1%          5
f - Sandblast             Erth           100%       2d20      1%          1
g - Iron Shot             Conj/Erth      32%        9d7       1%          6
h - Statue Form           Tmut/Erth      35%        N/A       22%         6
i - Spellforged Servitor  Conj/Summ      28%        N/A       17%         7

Your spell library contained the following spells:

 Spells                   Type           Power      Damage    Failure   Level
 Yara's Violent Unravell  Hex/Tmut       14%        3d7       12%         5
 Foxfire                  Conj/Fire      100%       2x1d9     1%          1
 Kiss of Death            Conj/Necr      100%       2d13      1%          1
 Shock                    Conj/Air       100%       1d9       1%          1
 Momentum Strike          Conj/Tloc      94%        3d10      1%          2
 Passwall                 Tmut/Erth      44%        N/A       1%          2
 Static Discharge         Conj/Air       94%        2-6/arc   1%          2
 Dazzling Flash           Conj/Hex       94%        N/A       1%          3
 Ignite Poison            Fire/Tmut/Pois 23%        N/A       2%          3
 Blink                    Tloc           26%        N/A       10%         2
 Cigotuvi's Dreadful Rot  Necr/Pois/Air  26%        N/A       10%         2
 Ensorcelled Hibernation  Hex/Ice        26%        N/A       10%         2
 Sublimation of Blood     Necr           13%        N/A       10%         2
 Confusing Touch          Hex            13%        N/A       19%         3
 Lesser Beckoning         Tloc           26%        N/A       19%         3
 Swiftness                Air            13%        N/A       19%         3
 Vhi's Electric Charge    Tloc/Air       26%        N/A       19%         3
 Fulminant Prism          Conj/Hex       23%        3d12      1%          4
 Petrify                  Tmut/Erth      53%        N/A       1%          4
 Iskenderun's Battlesphe  Conj           69%        2d12      1%          5
 Arcjolt                  Conj/Air       23%        1d33      2%          5
 Fireball                 Conj/Fire      23%        3d11      2%          5
 Lightning Bolt           Conj/Air       23%        1d39      2%          5
 Starburst                Conj/Fire      23%        6d8       13%         6
 Airstrike                Air            6%         2d(1-17)  16%         4
 Dispel Undead            Necr           13%        3d9       52%         4
 Metabolic Englaciation   Hex/Ice        6%         N/A       86%         5


Dungeon Overview and Level Annotations

Branches:
Dungeon (13/15)            Temple (1/1) D:6            Lair (5/5) D:11
 Shoals (0/4) Lair:2        Snake (2/4) Lair:3          Orc (2/2) D:11
    Elf (0/3) Orc:2
  Slime: Lair:4-5    Vaults: D:13-14

Altars:
Ashenzari
Cheibriados
Dithmenos
Fedhas
Hepliaklqana
Makhleb
Nemelex Xobeh
Okawaru
Ru
Trog
Uskayaw
Vehumet
Wu Jian
Zin
Jiyva

Shops:
Orc:2 :=**[

Annotations:
Lair:4 exclusion: 2 oklob plants
Lair:5 2 transporters, nono's ghost, journeyman AtFi


Innate Abilities, Weirdness & Mutations

Your dull iron-grey scales are very hard. (AC +14)
You are amphibious.
You cannot fit into any form of body armour.
You are cold-blooded and may be slowed by cold attacks.


Message History

Aiming: Corrosive Bolt
Press: ? - help, Shift-Dir - straight line, f/p - shock serpent
Aim: a shock serpent (almost dead, 53% to hit)
The bolt of acid misses the shock serpent.
The shock serpent shoots out a bolt of lightning at you!
The bolt of electricity hits you.
* * * LOW HITPOINT WARNING * * *
The nagaraja gestures wildly while chanting.
The nagaraja seems to speed up.
Unknown command.
Aiming: Corrosive Bolt
Press: ? - help, Shift-Dir - straight line, f/p - shock serpent
Aim: a shock serpent (almost dead, 53% to hit)
The bolt of acid misses the shock serpent.
The shock serpent shoots out a bolt of lightning at you!
The bolt of electricity hits you!
* * * LOW HITPOINT WARNING * * *
The shock serpent bites you but does no damage.
Unknown command.
Unknown command.
There's nothing to close nearby.
Aiming: Corrosive Bolt
Press: ? - help, Shift-Dir - straight line, f/p - shock serpent
Aim: a shock serpent (almost dead, 53% to hit)
The bolt of acid misses the shock serpent.
The bolt of acid hits the nagaraja!
The nagaraja is lightly wounded.
You block the shock serpent's attack.
Unknown command.
Aiming: Corrosive Bolt
Press: ? - help, Shift-Dir - straight line, f/p - shock serpent
Aim: a shock serpent (almost dead, 53% to hit)
The bolt of acid hits the shock serpent!
The acid corrodes the shock serpent!
You kill the shock serpent!
Vehumet accepts your kill.
You feel your power returning.
The bolt of acid hits the nagaraja.
The nagaraja is lightly wounded.
The air sparks with electricity, shocking you!
You die...

###### .... #)##
###.)###### #...)@.)N.#
#..###..##....
....##.##..######
#..##...##......#
#...........†...##
..#..####..####....##..
.# ##.....# ###..#..# #
#...#.## ..#..#..# ###.
#..##... #....#..#


You could see a nagaraja (fast).

Vanquished Creatures
  An orc warlord (Orc:1)
  Snorg (D:10)
  An ettin (Orc:1)
  2 fire dragons
  Harold (Orc:1)
  Erolcha (D:10)
  3 hydras (Lair:5)
  4 ogre magi (Orc:2)
  Erica (Orc:1)
  2 anacondas (Snake:1)
  2 catoblepae
  3 death yaks (Lair:5)
  5 naga warriors
  12 two-headed ogres
  3 shock serpents (Snake:2)
  Sonja (D:10)
  4 naga sharpshooters (Snake:1)
  Nergalle (Orc:1)
  Amaemon (D:9)
  A naga ritualist (Snake:1)
  A swamp dragon (Lair:5)
  2 lindwurms (Lair:5)
  An orc knight (D:11)
  An oklob plant (Lair:2)
  A deep elf zephyrmancer (D:12)
  4 mana vipers
  A cyclops (D:11)
  An orc sorcerer (Orc:1)
  3 salamanders
  19 black mambas
  4 naga magi
  Joseph (D:7)
  Maurice (D:8)
  18 elephants
  A guardian serpent (Snake:2)
  2 gargoyles
  6 cane toads
  An orange demon (D:9)
  A torpor snail (Lair:1)
  An efreet (D:12)
  9 komodo dragons
  An unseen horror (D:9)
  3 rime drakes (Lair:5)
  8 trolls
  3 meliai (D:12)
  7 blink frogs
  4 slime creatures (D:12)
  6 dream sheep
  A hornet (D:9)
  A vampire (D:12)
  2 wyverns
  2 water elementals (D:11)
  A wraith (D:12)
  34 yaks
  9 basilisks
  3 steam dragons
  3 wargs
  2 acid dragons (Lair:5)
  20 nagas
  22 water moccasins
  3 swamp drakes (Lair:5)
  20 orc warriors
  4 sky beasts
  4 black bears
  24 ogres
  A boggart (D:12)
  6 centaurs
  A phantom (D:4)
  5 kobold brigands
  7 bullfrogs
  3 scorpions
  2 gnoll sergeants (D:8)
  3 wights (D:7)
  8 electric eels
  7 howler monkeys
  3 jellies (D:5)
  Crazy Yiuf (D:7)
  13 orc priests
  4 hounds
  6 iguanas
  6 hell rats (Lair:5)
  24 orc wizards
  10 gnolls
  5 adders
  A white imp (D:7)
  An ufetubus (D:5)
  5 worms
  5 dart slugs
  87 orcs
  3 bats
  8 endoplasms
  2 giant cockroaches
  8 goblins
  5 hobgoblins
  3 jackals (D:2)
  2 quokkas
  9 ball pythons
  A frilled lizard (D:1)
  22 kobolds
  3 rats
596 creatures vanquished.

Vanquished Creatures (others)
  An orc (Orc:1)
  A kobold (D:8)
  26 fungi
  65 plants
93 creatures vanquished.

Grand Total: 689 creatures vanquished

Notes
Turn   | Place    | Note
-------+----------+-------------------------------------------
     0 | D:1      | gruber the Draconian Conjurer began the quest for the Orb.
     0 | D:1      | Reached XP level 1. HP: 14/14 MP: 3/3
   460 | D:1      | Reached XP level 2. HP: 20/20 MP: 1/5
  1146 | D:2      | Learned a level 2 spell: Searing Ray
  1230 | D:2      | Identified the +2 ring mail of the Wumpus {rF+ Dex+3}
  1242 | D:2      | Reached XP level 3. HP: 15/26 MP: 1/6
  1604 | D:2      | Reached skill level 5 in Conjurations
  2075 | D:3      | Noticed a scorpion
  2081 | D:3      | Killed a scorpion
  2082 | D:3      | Reached XP level 4. HP: 31/33 MP: 0/8
  2346 | D:3      | Reached XP level 5. HP: 38/38 MP: 5/9
  2781 | D:3      | Learned a level 4 spell: Iskenderun's Mystic Blast
  2883 | D:4      | Reached skill level 6 in Conjurations
  3160 | D:4      | Reached XP level 6. HP: 30/45 MP: 3/11
  3393 | D:4      | Reached skill level 7 in Conjurations
  3778 | D:5      | Entered Level 5 of the Dungeon
  3845 | D:5      | Found a sparkling altar of Nemelex Xobeh.
  3845 | D:5      | Found an iron altar of Okawaru.
  3897 | D:5      | Your scales start taking on a dull iron-grey colour.
  3897 | D:5      | Reached XP level 7. HP: 50/50 MP: 7/13
  3901 | D:5      | Learned a level 3 spell: Stone Arrow
  4329 | D:5      | Identified the +6 long sword of the Silent Majority
                  | {vorpal, rPois rF+ Int-2}
  4365 | D:5      | Reached skill level 5 in Spellcasting
  4365 | D:5      | Reached skill level 8 in Conjurations
  4597 | D:5      | Reached XP level 8. HP: 52/57 MP: 15/15
  5089 | D:6      | Reached skill level 9 in Conjurations
  5144 | D:6      | Reached skill level 1 in Earth Magic
  5284 | D:6      | You fall into a shaft and drop 1 floor!
  5450 | D:6      | Reached skill level 5 in Earth Magic
  5911 | D:6      | Reached XP level 9. HP: 62/62 MP: 7/16
  5983 | D:6      | Found a staircase to the Ecumenical Temple.
  6119 | Temple   | Entered the Ecumenical Temple
  6145 | Temple   | Became a worshipper of Vehumet
  6654 | D:7      | Noticed Joseph
  6664 | D:7      | Killed Joseph
  7207 | D:7      | Found a runed translucent door.
  7208 | D:7      | Noticed Crazy Yiuf
  7213 | D:7      | Killed Crazy Yiuf
  7452 | D:8      | Reached * piety under Vehumet
  7452 | D:8      | Offered knowledge of Foxfire by Vehumet.
  7623 | D:8      | Noticed Maurice
  7662 | D:8      | Killed Maurice
  7663 | D:8      | Reached skill level 5 in Fighting
  7937 | D:8      | Found a flagged portal.
  8060 | D:8      | Noticed a two-headed ogre
  8063 | D:8      | Noticed a cyan ugly thing
  8066 | D:8      | Noticed a boulder beetle
  8068 | D:8      | Noticed a manticore
  8071 | D:8      | Noticed a centaur warrior
  8071 | D:8      | Noticed a boulder beetle
  8073 | D:8      | Noticed a cyclops
  8313 | D:9      | Reached XP level 10. HP: 84/84 MP: 17/17
  8741 | D:9      | Noticed Amaemon
  8741 | D:9      | Noticed an orange demon
  8752 | D:9      | Killed Amaemon
  8758 | D:9      | Killed an orange demon
  8759 | D:9      | Reached skill level 10 in Conjurations
  8935 | D:9      | Reached ** piety under Vehumet
  8935 | D:9      | Offered knowledge of Freeze by Vehumet.
  9165 | D:10     | Entered Level 10 of the Dungeon
  9388 | D:10     | Noticed Erolcha
  9484 | D:10     | Killed Erolcha
  9485 | D:10     | Reached skill level 11 in Conjurations
  9583 | D:10     | Noticed a two-headed ogre
  9731 | D:10     | Killed a two-headed ogre
  9732 | D:10     | Reached skill level 12 in Conjurations
  9789 | D:10     | Noticed a gargoyle
  9799 | D:10     | Killed a gargoyle
  9808 | D:10     | Noticed Snorg
 10132 | D:10     | Noticed Sonja
 10159 | D:9      | Reached XP level 11. HP: 51/92 MP: 7/18
 10527 | D:10     | Killed Sonja
 10640 | D:10     | Killed Snorg
 10641 | D:10     | Reached skill level 13 in Conjurations
 11477 | D:11     | Offered knowledge of Kindle Blastsparks by Vehumet.
 11521 | D:11     | Noticed a two-headed ogre
 11534 | D:11     | Killed a two-headed ogre
 11535 | D:11     | Reached skill level 14 in Conjurations
 11931 | D:11     | Reached *** piety under Vehumet
 12179 | D:11     | Found a staircase to the Orcish Mines.
 12229 | D:11     | Found a staircase to the Lair.
 13315 | D:13     | Learned a level 5 spell: Irradiate
 13362 | D:12     | Reached skill level 10 in Earth Magic
 13503 | D:12     | Identified the +9 spear of Linearity {flame, Int+3 Stlth+}
 13503 | D:12     | Noticed a skeletal warrior
 13580 | D:12     | Noticed a deep elf zephyrmancer
 13693 | D:12     | Killed a deep elf zephyrmancer
 13714 | D:12     | Noticed a skeletal warrior
 13928 | Lair:1   | Entered Level 1 of the Lair of Beasts
 13954 | Lair:1   | Reached XP level 12. HP: 66/100 MP: 3/19
 14609 | Lair:1   | Noticed a fire dragon
 14642 | Lair:1   | Killed a fire dragon
 14902 | Lair:1   | Offered knowledge of Olgreb's Toxic Radiance by Vehumet.
 15162 | Lair:2   | Reached skill level 5 in Transmutations
 15375 | Lair:2   | You fall into a shaft and drop 2 floors!
 15377 | Lair:4   | Found a viscous altar of Jiyva.
 15645 | Lair:4   | Reached **** piety under Vehumet
 15679 | Lair:4   | Offered knowledge of Inner Flame by Vehumet.
 16417 | Lair:3   | Reached XP level 13. HP: 49/105 MP: 18/26
 16853 | Lair:3   | Found a staircase to the Snake Pit.
 17343 | Lair:3   | Reached skill level 10 in Spellcasting
 17393 | Lair:3   | Identified the +5 scale mail of Light {Dex+3}
 17671 | Lair:2   | Found a staircase to the Shoals.
 17936 | Lair:2   | Found a blossoming altar of Fedhas.
 18725 | Lair:4   | Reached ***** piety under Vehumet
 18899 | Lair:5   | Entered Level 5 of the Lair of Beasts
 18936 | Lair:5   | Offered knowledge of Ozocubu's Refrigeration by Vehumet.
 18943 | Lair:5   | HP: 5/103 [catoblepas (22)]
 19240 | Lair:5   | Reached skill level 5 in Dodging
 19498 | Lair:5   | Found a transporter.
 19498 | Lair:5   | Noticed nono's ghost (journeyman AtFi)
 19501 | Lair:5   | Found a transporter.
 21095 | Lair:5   | Noticed a fire dragon
 21096 | Lair:5   | Reached XP level 14. HP: 113/113 MP: 19/29
 21495 | Orc:1    | Entered Level 1 of the Orcish Mines
 21502 | Orc:1    | Noticed Nergalle
 21505 | Orc:1    | Noticed an orc warlord
 21517 | Orc:1    | Paralysed by an orc sorcerer for 3 turns
 21922 | Orc:1    | Killed Nergalle
 21923 | Orc:1    | Reached skill level 10 in Dodging
 21973 | Orc:1    | Killed an orc warlord
 22028 | Orc:1    | Noticed Erica
 22034 | Orc:1    | Killed Erica
 22367 | Orc:1    | Noticed Harold
 22375 | Orc:1    | Killed Harold
 22633 | Orc:2    | Entered Level 2 of the Orcish Mines
 22718 | Orc:2    | Found Ficli's Assorted Antiques.
 22718 | Orc:2    | Found Mukovek's Antique Armour Shoppe.
 22719 | Orc:2    | Found Sigudil's Jewellery Emporium.
 22719 | Orc:2    | Found Nanaitor's Assorted Antiques.
 22728 | Orc:2    | Offered knowledge of Orb of Destruction by Vehumet.
 22819 | Orc:2    | Reached XP level 15. HP: 118/118 MP: 30/30
 22928 | Orc:2    | Found Dompiren's Book Shop.
 22931 | Orc:2    | Bought the Secrets of Violent Pollution for 448 gold pieces
 22933 | Orc:2    | Learned a level 1 spell: Sandblast
 22940 | Orc:2    | Learned a level 6 spell: Iron Shot
 22947 | Orc:2    | Learned a level 6 spell: Statue Form
 22974 | Orc:2    | Found a staircase to the Elven Halls.
 24047 | Snake:1  | Entered Level 1 of the Snake Pit
 24985 | Snake:1  | Reached skill level 10 in Fighting
 25245 | Snake:1  | Learned a level 7 spell: Spellforged Servitor
 25298 | Snake:1  | Reached skill level 1 in Summonings
 25734 | Snake:1  | Offered knowledge of Yara's Violent Unravelling by Vehumet.
 25737 | Snake:1  | Reached XP level 16. HP: 40/135 MP: 13/31
 26605 | Snake:2  | Reached skill level 5 in Summonings
 26840 | Snake:2  | HP: 2/135 [shock serpent/bolt of electricity (10)]
 26842 | Snake:2  | Killed from afar by a shock serpent

Illustrated notes

Levels and vault maps discovered:
D:1:      lemuel_arrival_hallway, layout_basic
D:2:      layout_loops_ring
D:3:      layout_basic
D:4:      layout_loops_ring
D:5:      minmay_general_purpose_star, layout_loops_cross,
          chequers_temple_overflow_statue_of_worship, minivault_5,
          kennysheep_generic_room_11
D:6:      layout_loops_cross, minmay_temple_entry_glassed_door,
          supply_closet_lemuel
D:7:      layout_gridville, uniq_crazy_yiuf_cottage, uniq_joseph
D:8:      layout_loops_ring, enter_bailey_2, onia_ninara_dug_in_and_dangerous,
          uniq_maurice
D:9:      nicolae_cairo_tiling_very_big, layout_basic, uniq_amaemon
D:10:     layout_gridville, uniq_erolcha, uniq_sonja, uniq_snorg
D:11:     layout_basic, lair_entry_dummy
D:12:     kennysheep_room_grid, layout_loops_corners, minmay_radiant,
          uniq_rupert
D:13:     layout_loops_ring, uniq_kirke
Temple:   nicolae_temple_bog_church
Lair:1:   dragon1_lemuel, layout_chaotic_city
Lair:2:   layout_misc_corridors, elwin_shoals_entry_rocks, tgw_fedhas
Lair:3:   layout_gridlike, guppyfry_snake_entry_garden
Lair:4:   layout_gridlike, minmay_slime_entry_oklob_enclosed, disabler_island
Lair:5:   hangedman_lair_in_review, layout_regular_city,
          guppyfry_lair_end_dragon, gammafunk_ghost_arena
Snake:1:  layout_basic, serial_curves, eino_curves_04, eino_curves_02,
          eino_curves_02, nicolae_snake_squiggles
Snake:2:  nicolae_snake_nest, layout_basic
Orc:1:    layout_diamond_mine, uniq_nergalle, uniq_harold, uniq_erica
Orc:2:    st_orc_ogre_mass, layout_caves, serial_shops,
          nicolae_shop_behind_doors, minmay_orc_temple_b

Skill      XL: |  1  2  3  4  5  6  7  8  9 10 11 12 13 14 15 16 |
---------------+-------------------------------------------------+-----
Conjurations   | 5 6 7 8 9 12 14 | 14.7
Spellcasting   | 3 4 5 9 11 | 11.5
Earth Magic    | 7 11 | 11.7
Dodging        | 3 4 9 12 | 12.4
Shields        | 4 |  4.1
Fighting       | 6 7 10 | 10.3
Transmutations | 6 |  6.4
Summonings     | 3 6 |  6.1
Stealth        | |  1.7

Action                   |  1- 3 |  4- 6 |  7- 9 | 10-12 | 13-15 | 16-18 || total
-------------------------+-------+-------+-------+-------+-------+-------++-------
Melee: Unarmed           |    43 |     8 |       |       |       |       ||    51
       Tailslap          |     6 |     3 |    10 |    47 |    59 |     5 ||   130
       Mace              |       |    25 |       |       |       |       ||    25
       Trident           |       |     8 |     5 |       |       |       ||    13
       Long sword        |       |       |    98 |   299 |   389 |    33 ||   819
Throw: Dart              |       |       |       |     4 |       |       ||     4
 Cast: Magic Dart        |    64 |    35 |    17 |     3 |     1 |       ||   120
       Searing Ray       |     2 |    12 |    29 |    29 |    12 |     3 ||    87
       Stone Arrow       |       |       |    19 |   107 |   175 |     2 ||   303
       Iskenderun's Myst |       |       |     7 |    64 |    75 |     2 ||   148
       Irradiate         |       |       |       |     8 |    35 |     2 ||    45
       Iron Shot         |       |       |       |       |    20 |    24 ||    44
       Statue Form       |       |       |       |       |     2 |       ||     2
Evoke: Wand              |       |       |       |    12 |     4 |     4 ||    20
  Use: Scroll            |       |       |       |       |    14 |       ||    14
       Potion            |       |       |       |       |     2 |       ||     2
 Stab: Sleeping          |       |     1 |       |       |     1 |       ||     2
       Petrified         |       |       |       |       |     2 |       ||     2
Armor: Skin              |    17 |    22 |    71 |   250 |   153 |     5 ||   518
Dodge: Dodged            |    35 |    22 |   133 |   554 |   585 |    63 ||  1392
Block: Other             |       |     5 |    14 |       |       |       ||    19
       Buckler           |       |       |    54 |   363 |   331 |    36 ||   784
       Reflection        |       |       |     6 |    13 |    11 |     3 ||    33

Table legend: (Time is in decaauts)
 A = Elapsed time spent in this place.
 B = Non-inter-level travel time spent in this place.
 C = Inter-level travel time spent in this place.
 D = Time resting spent in this place.
 E = Time spent auto-exploring this place.
 F = Levels seen in this place.
 G = Mean time per level.
                   A        B        C        D        E       F      G
               +--------+--------+--------+--------+--------+-----+--------+
         Total |  27298 |  26210 |   1088 |   1856 |  19736 |  23 | 1186.9 |
       Dungeon |  14535 |  14002 |    533 |   1578 |  10216 |  13 | 1118.1 |
        Temple |     39 |     26 |     13 |      0 |     12 |   1 |   39.0 |
          Lair |   7756 |   7411 |    345 |    275 |   5729 |   5 | 1551.2 |
     Snake Pit |   2847 |   2769 |     78 |      3 |   2292 |   2 | 1423.5 |
  Orcish Mines |   2119 |   2001 |    118 |      0 |   1487 |   2 | 1059.5 |
               +--------+--------+--------+--------+--------+-----+--------+

Top non-repeatable levels by time:
  Lair:5: 2224 daAuts
 Snake:1: 2188 daAuts
     D:9: 1995 daAuts
    D:11: 1704 daAuts
  Lair:4: 1596 daAuts
  Lair:2: 1454 daAuts
     D:5: 1266 daAuts
  Lair:1: 1260 daAuts
  Lair:3: 1220 daAuts
     D:7: 1140 daAuts
     D:1: 1086 daAuts
    D:10: 1083 daAuts
     D:6: 1070 daAuts
   Orc:2: 1069 daAuts
   Orc:1: 1049 daAuts
